 Dungeon Crawl Stone Soup version 0.29-a0-648-g6b26cc9 (webtiles) character file.

Game seed: 2677575100189101375

40 Dawnplanks the Bolt Thrower (level 3, -1/29 HPs)
             Began as a Demigod Hunter on June 20, 2022.
             Slain by an adder (4 damage)
             ... on level 2 of the Dungeon.
             The game lasted 00:02:09 (1483 turns).

Dawnplanks the Bolt Thrower (Demigod Hunter)        Turns: 1483, Time: 00:02:10

Health: -1/29      AC:  5    Str: 12    XL:     3   Next: 14%
Magic:  5/5        EV: 11    Int: 11    God:
Gold:   59         SH:  0    Dex: 21    Spells: 2/2 levels left

rFire   . . .      SeeInvis .   a - +1 hand crossbow
rCold   . . .      Faith    .   (no shield)
rNeg    . . .      Spirit   .   l - +0 ring mail
rPois   .          Reflect  .   (no helmet)
rElec   .          Harm     .   (no cloak)
rCorr   .          Rampage  .   (no gloves)
Will    .....                   (no boots)
Stlth   +.........              (no amulet)
HPRegen 0.09/turn               (no ring)
MPRegen 0.09/turn               (no ring)

@: lethally poisoned (-1 -> -3)
A: high MP 1, forlorn, divine attributes
a: no special abilities


You were on level 2 of the Dungeon.
You visited 1 branch of the dungeon, and saw 2 of its levels.

You collected 59 gold pieces.

Inventory:

Hand Weapons
 a - a +1 hand crossbow (weapon)
 d - a +0 dagger of electrocution
Armour
 l - a +0 ring mail (worn)
Scrolls
 b - a scroll of fear {unknown}
 c - a scroll of immolation
 g - a scroll of teleportation {unknown}
 j - a scroll of torment {unknown}
 k - a scroll of identify {unknown}
 m - a scroll of amnesia {unknown}
Potions
 e - a potion of curing {unknown}
 f - a potion of cancellation {unknown}
 h - a potion of attraction {unknown}
 i - a potion of haste {unknown}
 n - a potion of might {unknown}


   Skills:
 + Level 2.1 Fighting
 + Level 4.4 Crossbows
 + Level 0.3 Armour
 + Level 1.9 Dodging
 + Level 0.8 Stealth


You had 2 spell levels left.
You didn't know any spells.
Your spell library contained the following spells:

 Spells                   Type           Power      Damage    Failure   Level
 Magic Dart               Conj           0%         1d3       63%         1
 Searing Ray              Conj           0%         2d4       77%         2
 Fulminant Prism          Conj/Hex       0%         3d6       100%        4


Dungeon Overview and Level Annotations

Branches:
Dungeon (2/15)

Shops:
D:1 :


Innate Abilities, Weirdness & Mutations

You have an increased reservoir of magic. (+10% MP)
You shall have no god before yourself.
Your divine heritage dramatically boosts your attributes as you level up.


Message History

You shoot a bolt. The bolt hits the adder.
The adder is moderately wounded.
The adder bites you but does no damage. The adder closely misses you.
You shoot a bolt. The bolt closely misses the adder.
The adder bites you.
You are poisoned.
The adder poisons you! The adder bites you but does no damage.
You shoot a bolt. The bolt barely misses the adder.
You feel sick. The adder barely misses you.
You shoot a bolt. The bolt closely misses the adder.
You feel sick. The adder closely misses you. The adder bites you.
You shoot a bolt. The bolt closely misses the adder.
You feel sick.
You are no longer poisoned.
The adder bites you.
You are poisoned.
The adder poisons you! The adder bites you but does no damage.
You are too injured to fight recklessly!
You are too injured to fight recklessly!
Shoot: a) +1 hand crossbow
Press: ? - help, Q - select action Shift-Dir - straight line, f/p - adder
Aim: an adder (moderately wounded, 52% to hit)
You shoot a bolt. The bolt hits the adder!
The adder is almost dead.
You feel sick. The adder barely misses you. The adder closely misses you.
Shoot: a) +1 hand crossbow
Press: ? - help, Q - select action Shift-Dir - straight line, f/p - adder
Aim: an adder (almost dead, 52% to hit)
You shoot a bolt.
The bolt hits the adder but does no damage.
The adder is almost dead.
You feel sick. The adder bites you.
* * * LOW HITPOINT WARNING * * *
The adder bites you.
* * * LOW HITPOINT WARNING * * *
Shoot: a) +1 hand crossbow
Press: ? - help, Q - select action Shift-Dir - straight line, f/p - adder
Aim: an adder (almost dead, 52% to hit)
You shoot a bolt. The bolt barely misses the adder.
* * * LOW HITPOINT WARNING * * *
You feel sick. The adder bites you.
You die...

... #.. .. # #..
†#+## .. .. ....
##.###.###.#.#####
...†.......#.....:.
...).$.S...........
......†@...........
###...............
##...#..........
#...#......##
#.####.....# ##
#.†...# #.†####
##+##..## #.......#


You could see an adder.

Vanquished Creatures
  An adder (D:2)
  A worm (D:2)
  A dart slug (D:2)
  3 bats
  An endoplasm (D:2)
  2 goblins (D:1)
  7 kobolds (D:1)
  3 quokkas
  3 ball pythons
  A frilled lizard (D:1)
  4 rats
27 creatures vanquished.

Vanquished Creatures (others)
  5 plants (D:1)
5 creatures vanquished.

Grand Total: 32 creatures vanquished

Notes
Turn   | Place    | Note
-------+----------+-------------------------------------------
     0 | D:1      | Dawnplanks the Demigod Hunter began the quest for the Orb.
     0 | D:1      | Reached XP level 1. HP: 17/17 MP: 3/3
   297 | D:1      | Reached skill level 4 in Crossbows
   402 | D:1      | Found Asob's Book Shop.
   876 | D:1      | Reached XP level 2. HP: 24/24 MP: 4/4
  1476 | D:2      | Reached XP level 3. HP: 24/29 MP: 5/5
  1483 | D:2      | Slain by an adder

Illustrated notes

Levels and vault maps discovered:
D:1:      dpeg_arrival_chambers_temple_mockup, layout_basic, serial_shops,
          nicolae_shop_hallway_stairs, serial_forest,
          infiniplex_forest_clump_curved, infiniplex_forest_corner_1,
          infiniplex_forest_end_1, infiniplex_forest_lined_room_,
          infiniplex_forest_clump_medium, lexackson_kobold_supper
D:2:      layout_basic, basic_ecumenical_altar, supply_closet_lemuel

Skill      XL: |  1  2 |
---------------+-------+-----
Crossbows      | 4 |  4.4
Fighting       | 2 |  2.1
Armour         | |  0.3
Dodging        | |  1.9
Stealth        | |  0.8

Action                   || total
-------------------------++-------
 Fire: Hand crossbow     ||    73
Armor: Ring mail         ||    16
Dodge: Dodged            ||    23

Table legend: (Time is in decaauts)
 A = Elapsed time spent in this place.
 B = Non-inter-level travel time spent in this place.
 C = Inter-level travel time spent in this place.
 D = Time resting spent in this place.
 E = Time spent auto-exploring this place.
 F = Levels seen in this place.
 G = Mean time per level.
                   A        B        C        D        E       F      G
               +--------+--------+--------+--------+--------+-----+--------+
         Total |   1513 |   1446 |     67 |    185 |   1075 |   2 |  756.5 |
       Dungeon |   1513 |   1446 |     67 |    185 |   1075 |   2 |  756.5 |
               +--------+--------+--------+--------+--------+-----+--------+

Top non-repeatable levels by time:
     D:1: 1169 daAuts
     D:2: 343 daAuts
